AoeStats
← mandalvarado

Oasis

510196693Analyzed
4v4 RM · 4d ago on Sep 29, 2026· 34m 34s· 8 players
Game mode
Random Map
Map size
Large (8 player)
Population
200
Speed
Normal
Resources
Standard
Victory
Conquest
Starting age
Dark Age
Ending age
Imperial Age
RankedLock teamsTeams togetherTeam positionsShared explorationLock speedFull tech treeHidden civsTurbo modeCheats
Victory
Defeat
🇵🇪 Spanish · Peru
883
+15
🇺🇾 Armenians · Uruguay
873
+16
🇨🇷 Aztecs · Costa Rica
855
+17
🇺🇸 Magyars · United States
845
+16
🇩🇪 Dravidians · Germany
893
-17
🇦🇷 Burgundians · Argentina
868
-16
🇪🇸 Hindustanis · Spain
867
-16
🇪🇸 Franks · Spain
840
-15
Mephisst0
5:25 Loom
13:37 Feudal Age
15:55 Wheelbarrow
15:09 Double-Bit Axe
17:47 Fletching
21:16 Castle Age
19:52 Stone Mining
19:44 Horse Collar
22:40 Husbandry
22:54 Bloodlines
22:57 Bodkin Arrow
23:45 Stone Shaft Mining
23:42 Heavy Plow
27:01 Light Cavalry
28:55 Redemption
32:04 Imperial Age
29:53 Hand Cart
29:24 Town Watch
30:40 Padded Archer Armor
31:41 Grand Trunk Road
31:56 Bow Saw
32:20 Ballistics
32:12 Masonry
33:01 Elite Skirmisher
TrueCrime
0:30 Loom
15:36 Feudal Age
20:35 Wheelbarrow
20:04 Double-Bit Axe
20:02 Horse Collar
20:16 Gold Mining
20:16 Stone Mining
23:14 Castle Age
21:39 Man-at-Arms
25:43 Bow Saw
26:17 Heavy Plow
27:40 Gambesons
27:16 Long Swordsman
27:56 Squires
30:59 Arson
34:32 Imperial Age
32:23 Scale Mail Armor
32:34 Forging
33:11 Hand Cart
32:40 Pikeman
ADORNI
10:15 Wheelbarrow
12:49 Feudal Age
11:08 Loom
12:53 Feudal Age
11:25 Horse Collar
12:27 Double-Bit Axe
12:53 Gold Mining
15:12 Bow Saw
15:04 Heavy Plow
20:41 Castle Age
20:56 Gold Shaft Mining
21:59 Crop Rotation
24:08 Squires
30:44 Imperial Age
28:37 Caravan
28:55 Arson
29:21 Scale Mail Armor
29:32 Forging
32:22 Hand Cart
sentoginerzarra
1:02 Loom
13:03 Feudal Age
14:22 Wheelbarrow
13:35 Double-Bit Axe
13:42 Stone Mining
13:59 Gold Mining
23:43 Castle Age
25:23 Hand Cart
28:42 Forging
28:39 Scale Barding Armor
28:41 Light Cavalry
30:17 Gold Shaft Mining
29:57 Bow Saw
31:22 Husbandry
ChewedGizmo
13:02 Feudal Age
21:47 Castle Age
22:44 Fletching
22:54 Padded Archer Armor
28:52 Ballistics
28:45 Thumb Ring
28:44 Bodkin Arrow
29:05 Leather Archer Armor
33:31 Imperial Age
33:15 Scale Barding Armor
34:35 Corvinian Army
OSITOCRACKYT
10:08 Loom
12:13 Feudal Age
16:35 Castle Age
18:04 Double-Bit Axe
18:00 Horse Collar
19:38 Heavy Plow
19:51 Bow Saw
20:40 Gold Mining
24:18 Fletching
24:50 Padded Archer Armor
25:41 Stone Mining
29:16 Bodkin Arrow
29:36 Leather Archer Armor
31:40 Ballistics
32:11 Caravan
37:16 Imperial Age
Pocho32
8:10 Loom
11:12 Feudal Age
18:43 Castle Age
17:12 Double-Bit Axe
20:54 Man-at-Arms
22:42 Gold Mining
24:13 Fletching
24:32 Padded Archer Armor
27:16 Bow Saw
28:04 Leather Archer Armor
28:41 Bodkin Arrow
29:11 Pikeman
31:31 Wheelbarrow
31:31 Squires
31:53 Horse Collar
32:44 Scale Mail Armor
34:03 Forging
34:09 Chain Mail Armor
mandalvarado
1:59 Loom
12:07 Feudal Age
18:46 Castle Age
16:57 Forging
17:22 Gold Mining
18:39 Man-at-Arms
21:52 Stone Mining
21:49 Double-Bit Axe
29:05 Wheelbarrow
31:21 Hand Cart
34:05 Imperial Age
32:18 Horse Collar
32:55 Hand Cart
33:20 Caravan
32:56 Pikeman
33:37 Squires
34:32 Capped Ram
Connection lost

Rejoining the realm…

Still unreachable

The connection could not be restored.

Session expired

The server has moved on; the page needs a fresh start.